 Dungeon Crawl Stone Soup version 0.27-a0-676-gc1da3516c2 (webtiles) character file.

Game seed: 15484141683809154324

256 Aapotti the Firebug (level 5, 0/38 HPs)
             Began as a Demigod Fire Elementalist on Mar 18, 2021.
             Succumbed to a water moccasin's poison
             ... on level 3 of the Dungeon.
             The game lasted 00:11:57 (2862 turns).

Aapotti the Firebug (Demigod Fire Elementalist)     Turns: 2862, Time: 00:11:58

Health: 0/38       AC:  3    Str:  9    XL:     5   Next: 60%
Magic:  4/12       EV: 13    Int: 21    God:
Gold:   82         SH:  0    Dex: 14    Spells: 5/9 levels left

rFire    + . .     SeeInvis .   g - +0 quarterstaff
rCold    . . .     Faith    .   (shield currently unavailable)
rNeg     . . .     Spirit   .   a - +0 robe
rPois    .         Reflect  .   (no helmet)
rElec    .         Harm     .   (no cloak)
rCorr    .         Rampage  .   h - +0 pair of gloves
Will     .....                  (no boots)
Stlth    ++........             (no amulet)
HPRegen  0.12/turn              (no ring)
MPRegen  0.13/turn              (no ring)

@: lethally poisoned (0 -> -1), attractive, very slightly contaminated,
invisible
A: high mp 1, forlorn, fire resistance 1, sense surroundings 1, evolution 1,
subdued magic 1
a: no special abilities


You were on level 3 of the Dungeon.
You visited 1 branch of the dungeon, and saw 3 of its levels.

You collected 82 gold pieces.

Inventory:

Hand Weapons
 f - a +0 short sword
 g - a +0 quarterstaff (weapon)
Missiles
 k - 7 curare-tipped darts
Armour
 a - a +0 robe (worn)
 h - a +0 pair of gloves (worn)
 j - a +0 buckler
Scrolls
 b - 3 scrolls of identify {unknown}
 c - a scroll of acquirement {unknown}
 e - a scroll of torment {unknown}
 i - a scroll of enchant weapon {unknown}
 l - a scroll of noise {unknown}
 n - a scroll of vulnerability {unknown}
Potions
 d - a potion of attraction


   Skills:
 - Level 0.2 Fighting
 + Level 3.1 Dodging
 - Level 2.0 Stealth
 + Level 1.3 Shields
 + Level 2.8 Spellcasting
 + Level 2.0 Conjurations
 + Level 3.9 Fire Magic


You had 5 spell levels left.
You knew the following spells:

 Your Spells              Type           Power      Damage    Failure   Level
a - Foxfire               Conj/Fire      44%        2x1d6     3%          1
b - Conjure Flame         Conj/Fire      11%        6-21      10%         3

Your spell library contained the following spells:

 Spells                   Type           Power      Damage    Failure   Level
 Inner Flame              Hex/Fire       8%         N/A       16%         3
 Sticky Flame             Conj/Fire      11%        2d3       32%         4
 Fireball                 Conj/Fire      5%         3d5       69%         5


Dungeon Overview and Level Annotations

Branches:
Dungeon (3/15)

Shops:
D:3 *

Annotations:
D:3 1 runed translucent door, Crazy Yiuf


Innate Abilities, Weirdness & Mutations

Your attributes grow dramatically as you level up.
You have an increased reservoir of magic. (+10% MP)
You shall have no god before yourself.
Your flesh is heat resistant. (rF+)
You passively map a small area around you.
You evolve.
Your spells are a little easier to cast, but a little less powerful.


Message History

You fade into invisibility!
* * * LOW HITPOINT WARNING * * *
You feel sick.
Your foxfire dissipates!
* * * LOW HITPOINT WARNING * * *
You feel sick.
Your foxfire dissipates! x2
* * * LOW HITPOINT WARNING * * *
You feel sick.
Found a robe.
* * * LOW HITPOINT WARNING * * *
You feel sick.
Found a kite shield.
* * * LOW HITPOINT WARNING * * *
You feel sick.
* * * LOW HITPOINT WARNING * * *
You feel sick.
You see here a pink potion.
m - a pink potion
* * * LOW HITPOINT WARNING * * *
You feel sick.
It was a potion of mutation.
You feel extremely strange.
You feel a strange attunement to the structure of the dungeons.
Your connection to magic feels subdued.
You feel nature experimenting on you.
Don't worry, failures die fast.
You feel resistant to heat.
* * * LOW HITPOINT WARNING * * *
You feel sick.
Unknown command.
* * * LOW HITPOINT WARNING * * *
You feel sick.
* * * LOW HITPOINT WARNING * * *
You feel sick.
* * * LOW HITPOINT WARNING * * *
You feel sick.
* * * LOW HITPOINT WARNING * * *
You feel sick.
* * * LOW HITPOINT WARNING * * *
You feel sick.
You die...

..#...#.>.##.#...#########
#............#.#.##
#...........#..#..#####
#..............##.....#
#...........##.######.#
##.........##* # ####.#
##........# # * #....#
####.....# #.###.#### ..
...#.## #..@..# #.##
*#.8#### .... , .....
...#* *#.##.∩ .### # ,#..
.... ..<* .### ##.. ..†#
..8 ##.. ,


There were no monsters in sight!

Vanquished Creatures
  A water moccasin (D:3)
  A vampire bat (D:3)
  A hound (D:2)
  2 adders
  An ooze (D:1)
  2 dart slugs
  2 leopard geckos
  12 bats
  4 giant cockroaches
  3 goblins
  6 hobgoblins
  9 kobolds
  4 quokkas
  3 frilled lizards
  7 rats
58 creatures vanquished.

Vanquished Creatures (others)
  173 foxfires
173 creatures vanquished.

Grand Total: 231 creatures vanquished

Notes
Turn   | Place    | Note
-------+----------+-------------------------------------------
     0 | D:1      | Aapotti the Demigod Fire Elementalist began the quest for
                  | the Orb.
     0 | D:1      | Reached XP level 1. HP: 14/14 MP: 5/5
   336 | D:1      | Reached XP level 2. HP: 17/20 MP: 1/7
  1397 | D:2      | Reached XP level 3. HP: 26/26 MP: 3/8
  1424 | D:2      | Reached skill level 1 in Conjurations
  1727 | D:2      | Learned a level 3 spell: Conjure Flame
  1812 | D:2      | Reached XP level 4. HP: 33/33 MP: 6/10
  2768 | D:3      | Found a runed translucent door.
  2769 | D:3      | Noticed Crazy Yiuf
  2821 | D:3      | Noticed a water moccasin
  2833 | D:3      | Killed a water moccasin
  2834 | D:3      | Reached skill level 1 in Shields
  2834 | D:3      | Reached XP level 5. HP: 13/38 MP: 0/12
  2844 | D:3      | Gained mutation: You passively map a small area around you.
                  | [potion of mutation]
  2844 | D:3      | Gained mutation: Your spells are a little easier to cast,
                  | but a little less powerful. [potion of mutation]
  2844 | D:3      | Gained mutation: You evolve. [potion of mutation]
  2844 | D:3      | Gained mutation: Your flesh is heat resistant. (rF+)
                  | [potion of mutation]
  2854 | D:3      | HP: 1/38 [poisoned by a water moccasin]
  2862 | D:3      | Found Gorihuwa's General Store.
  2862 | D:3      | Succumbed to a water moccasin's poison

Illustrated notes

Levels and vault maps discovered:
D:1:      evilmike_arrival_plus, layout_basic, minmay_crystal_room, hex_medium
D:2:      layout_rooms, old_standard_altar, nemelex_diamond_rough_becter
D:3:      layout_rooms, marbit_many_paths, pdpol_wu_jian_five_deadly_venoms,
          serial_shops, shop_statue, roderic_batcave, uniq_crazy_yiuf_cottage

Skill      XL: |  1  2  3  4 |
---------------+-------------+-----
Dodging        | 2 3 |  3.1
Fire Magic     | 3 |  3.9
Spellcasting   | 2 |  2.8
Conjurations   | 1 2 |  2.0
Stealth        | 2 |  2.0
Shields        | 1 |  1.3
Fighting       | |  0.2

Action                   |  1- 3 |  4- 6 || total
-------------------------+-------+-------++-------
Melee: Unarmed           |     5 |       ||     5
       Short sword       |     7 |       ||     7
       Quarterstaff      |     1 |    10 ||    11
 Cast: Foxfire           |    62 |    53 ||   115
  Use: Potion            |       |     3 ||     3
Armor: Robe              |     5 |     9 ||    14
Dodge: Dodged            |    24 |    34 ||    58

Table legend: (Time is in decaauts)
 A = Elapsed time spent in this place.
 B = Non-inter-level travel time spent in this place.
 C = Inter-level travel time spent in this place.
 D = Time resting spent in this place.
 E = Time spent auto-exploring this place.
 F = Levels seen in this place.
 G = Mean time per level.
                   A        B        C        D        E       F      G
               +--------+--------+--------+--------+--------+-----+--------+
         Total |   2864 |   2807 |     57 |   1059 |   1144 |   3 |  954.7 |
       Dungeon |   2864 |   2807 |     57 |   1059 |   1144 |   3 |  954.7 |
               +--------+--------+--------+--------+--------+-----+--------+

Top non-repeatable levels by time:
     D:1: 1346 daAuts
     D:2: 962 daAuts
     D:3: 555 daAuts
